 Dungeon Crawl Stone Soup version 0.23.1 (webtiles) character file.

Game seed: 1924840659905202653

2767 nuthulu the Spear-Bearer (level 9, -1/71 HPs)
             Began as a Demonspawn Gladiator on Mar 11, 2019.
             Was a Believer of Okawaru.
             Slain by a soul eater (18 damage)
             ... created by the power of Zot
             ... in a bailey.
             The game lasted 00:19:27 (7996 turns).

nuthulu the Spear-Bearer (Demonspawn Gladiator)     Turns: 7996, Time: 00:19:29

Health: -1/71      AC: 11    Str: 23    XL:     9   Next: 42%
Magic:  9/9        EV: 15    Int: 11    God:    Okawaru [**....]
Gold:   198        SH:  0    Dex: 15    Spells: 8/8 levels left

rFire    . . .     SeeInvis .   E - +0 demon trident
rCold    . . .     Gourm    .   (no shield)
rNeg     . . .     Faith    .   l - +0 ring mail
rPois    .         Spirit   .   (helmet restricted)
rElec    .         Reflect  .   r - +0 cloak
rCorr    .         Harm     .   j - +2 pair of gloves
MR       +....                  (no boots)
Stlth    ++........             (no amulet)
HPRegen  0.21/turn              p - ring of protection from magic
MPRegen  0.11/turn              x - +5 ring of strength

@: no status effects
A: antennae 1, claws 1, slimy green scales 1, clever 1, demonic guardian 2,
nightstalker 1
a: Heroism, Renounce Religion


You were in a bailey.
You worshipped Okawaru.
Okawaru was pleased with you.
You were not hungry.

You visited 2 branches of the dungeon, and saw 8 of its levels.
You also visited: Sewer and Bailey.

You collected 338 gold pieces.
You spent 140 gold pieces at shops.

Inventory:

Hand Weapons
 a - a +0 trident
 E - a +0 demon trident (weapon)
Missiles
 d - 3 throwing nets (quivered)
Armour
 b - a +0 leather armour
 c - a +0 helmet
 h - a +0 chain mail
 j - a +2 pair of gloves (worn)
 l - a +0 ring mail (worn)
 r - a +0 cloak (worn)
Jewellery
 p - a ring of protection from magic (left hand)
 x - a +5 ring of strength (right hand)
Wands
 u - a wand of flame (11)
Scrolls
 i - 4 scrolls of teleportation
 m - 2 scrolls of amnesia
 o - 2 scrolls of enchant armour
 t - a scroll of fear
 F - 2 scrolls of remove curse
Potions
 e - 2 potions of might
 g - a potion of lignification
 k - 2 potions of ambrosia
 n - 2 potions of brilliance
 q - 9 potions of flight
 s - 3 potions of mutation
 z - a potion of haste
 B - a potion of curing {unknown}
Comestibles
 f - 11 rations


   Skills:
 + Level 6.7 Fighting
 * Level 8.9 Polearms
 - Level 1.7 Throwing
 + Level 6.5 Dodging


You had 8 spell levels left.
You didn't know any spells.
Your spell library contained the following spells:

 Spells                   Type           Power        Failure   Level  Hunger
 Magic Dart               Conj           #...         50%         1    ##.....
 Sandblast                Erth           #.....       50%         1    ##.....
 Blink                    Tloc           N/A          65%         2    ###....
 Call Imp                 Summ           #.......     65%         2    ###....
 Passwall                 Tmut/Erth      #.......     65%         2    ###....
 Slow                     Hex            #.......     65%         2    ###....
 Conjure Flame            Conj/Fire      #.......     86%         3    ####...
 Mephitic Cloud           Conj/Pois/Air  #.......     86%         3    ####...
 Stone Arrow              Conj/Erth      #.....       86%         3    ####...
 Petrify                  Tmut/Erth      #.......     99%         4    #####..
 Lee's Rapid Deconstruct  Erth           #.........   100%        5    ######.


Dungeon Overview and Level Annotations

Branches:
Dungeon (7/15)             Temple (1/1) D:5

Altars:
Ashenzari
Cheibriados
Dithmenos
Elyvilon
Fedhas
Hepliaklqana
Makhleb
Okawaru
Ru
Sif Muna
Trog
Uskayaw
Vehumet
Zin
Jiyva

Shops:
D:6 *


Innate Abilities, Weirdness & Mutations

You have sharp fingernails.
You are partially covered in slimy green scales. (AC +2)
A demonic guardian rushes to your aid.
You are slightly more attuned to the shadows.
You have a pair of small antennae on your head.
Your mind is acute. (Int +2)


Message History

* * * LOW HITPOINT WARNING * * *
The soul eater is healed.
Your smoke demon hits the hobgoblin but does no damage.
Your smoke demon barely misses the hobgoblin.
Your smoke demon hits the hobgoblin but does no damage.
You are engulfed in a cloud of scalding steam.
* * * LOW HITPOINT WARNING * * *
Your smoke demon gestures at the soul eater.
The sticky flame hits the soul eater but does no damage.
The soul eater is covered in liquid flames!
You see here a cloak.
Unknown command.
The soul eater burns!
You see here a runed shield.
Press: ? - help, v - describe, . - travel, g - get item
Here: a soul eater (steam, moderately wounded, covered in liquid flames, durably summoned)
A cloak.
The floor.
You fail to use your ability.
The soul eater burns!
The soul eater hits you!!
You die...

≈≈≈≈.#..#.#..#....#####''#.≈
≈≈≈≈.#..#.#..#....##.....#.≈
≈≈≈≈.#'##.##+#....##.....').
≈≈≈≈∩#...∩g..#._..##..⌠..'..
≈≈≈≈.#'##^##3#....##...))'..
≈≈≈≈.#..#.#§.#....##....[#)≈
≈≈≈≈.#..#{#g.#....#####++#.≈
≈≈≈≈.#..#.#3§#....# .. #.≈
≈≈≈≈.#..#g#@[#....#... #.≈
≈≈≈######'#####....... ###
≈≈≈ #g. +.8.8.8. # ≈≈
{#....... # #+######


You could see a soul eater (burning), a hobgoblin and a friendly smoke demon.

Vanquished Creatures
  Eustachio (D:5)
  2 phantoms (D:6)
  An ice beast (D:6)
  2 orc warriors
  An ogre (D:4)
  2 centaurs
  A bullfrog (D:7)
  A scorpion (D:4)
  2 wights
  A crimson imp (D:5)
  A centaur skeleton (D:5)
  A jelly (D:3)
  An orc priest (D:5)
  A gnoll shaman (D:5)
  4 hounds
  2 bullfrog skeletons
  A worker ant (D:6)
  9 orc wizards
  A hound zombie (D:6)
  A hound skeleton (D:4)
  2 worker ant zombies
  8 gnolls
  8 adders
  2 river rats (D:3)
  An ooze (Sewer)
  2 adder skeletons (D:5)
  2 dart slugs (D:1)
  8 leopard geckos
  21 orcs
  3 giant cockroaches
  11 goblins
  8 hobgoblins
  14 jackals
  5 quokkas
  6 ball pythons
  15 bats
  3 frilled lizards
  4 kobolds
  A quokka skeleton (D:4)
  6 rats
166 creatures vanquished.

Vanquished Creatures (collateral kills)
  An orc high priest (Bailey)
  A kobold demonologist (Bailey)
  An orc warrior (Bailey)
  An ogre (D:6)
  A centaur (D:5)
  A scorpion (D:4)
  2 wights
  A crimson imp (D:7)
  2 orc priests (D:4)
  4 gnolls (D:5)
  An adder skeleton (D:6)
  A goblin (Bailey)
  2 hobgoblins (Bailey)
  2 frilled lizards (D:3)
21 creatures vanquished.

Grand Total: 187 creatures vanquished

Notes
Turn   | Place    | Note
-------+----------+-------------------------------------------
     0 | D:1      | nuthulu the Demonspawn Gladiator began the quest for the
                  | Orb.
     0 | D:1      | Reached XP level 1. HP: 16/16 MP: 1/1
   221 | D:1      | Reached skill level 3 in Polearms
   221 | D:1      | Gained mutation: A weak demonic guardian rushes to your
                  | aid. [demonic ancestry]
   221 | D:1      | Reached XP level 2. HP: 22/22 MP: 2/2
   673 | D:1      | Gained mutation: You are partially covered in slimy green
                  | scales. (AC +2) [demonic ancestry]
   673 | D:1      | Reached XP level 3. HP: 23/28 MP: 3/3
  1711 | D:3      | Reached XP level 4. HP: 27/34 MP: 4/4
  1951 | D:3      | Reached skill level 4 in Polearms
  1962 | D:3      | Gained mutation: You are slightly more attuned to the
                  | shadows. [demonic ancestry]
  1962 | D:3      | Reached XP level 5. HP: 37/41 MP: 5/5
  1976 | D:3      | Found a glowing drain.
  1981 | Sewer    | Entered a sewer
  2587 | D:3      | Found a bloodstained altar of Trog.
  2866 | D:4      | Noticed an ogre
  2869 | D:4      | Killed an ogre
  2869 | D:4      | Gained mutation: You have sharp fingernails. [demonic
                  | ancestry]
  2869 | D:4      | Reached XP level 6. HP: 47/47 MP: 6/6
  3087 | D:4      | Reached skill level 5 in Polearms
  3472 | D:4      | Found a deep blue altar of Sif Muna.
  3832 | D:4      | Found a shadowy altar of Dithmenos.
  3833 | D:4      | You fall through a shaft!
  3833 | D:5      | Entered Level 5 of the Dungeon
  3837 | D:5      | Reached XP level 7. HP: 54/54 MP: 7/7
  3847 | D:5      | Found a glowing silver altar of Zin.
  3858 | D:5      | Got a fine long sword
  3860 | D:5      | Identified the +7 long sword of the Final Decision {freeze,
                  | -Tele rN+++ Str+4} (You found it on level 5 of the Dungeon)
  4604 | D:5      | Found a shattered altar of Ashenzari.
  4677 | D:5      | Reached skill level 6 in Polearms
  4998 | D:5      | Noticed Eustachio
  5031 | D:5      | Killed Eustachio
  5031 | D:5      | Reached skill level 5 in Fighting
  5031 | D:5      | Reached skill level 5 in Dodging
  5031 | D:5      | Reached XP level 8. HP: 23/62 MP: 8/8
  5570 | D:5      | Found a staircase to the Ecumenical Temple.
  5818 | Temple   | Entered the Ecumenical Temple
  5894 | Temple   | Became a worshipper of Warmaster Okawaru
  5950 | D:5      | Reached skill level 7 in Polearms
  6099 | D:6      | Reached * piety under Okawaru
  6386 | D:6      | Found a snail-covered altar of Cheibriados.
  6463 | D:6      | Found Ziakli's Lightly-Used Armoury.
  6470 | D:6      | Bought a -1 demon trident for 140 gold pieces
  6534 | D:6      | Reached skill level 8 in Polearms
  6742 | D:6      | Found a deep blue altar of Sif Muna.
  6863 | D:7      | Gained mutation: A demonic guardian rushes to your aid.
                  | [demonic ancestry]
  6863 | D:7      | Reached XP level 9. HP: 63/69 MP: 9/9
  6907 | D:7      | Found a blossoming altar of Fedhas.
  7077 | D:7      | Gained mutation: You have a pair of small antennae on your
                  | head. [potion of mutation]
  7077 | D:7      | Gained mutation: Your mind is acute. (Int +2) [potion of
                  | mutation]
  7087 | D:7      | Found a flagged portal.
  7112 | Bailey   | Entered a bailey
  7205 | Bailey   | Found an iron altar of Okawaru.
  7205 | Bailey   | Noticed an orc high priest
  7205 | Bailey   | Noticed a kobold demonologist
  7223 | Bailey   | Noticed a sun demon
  7227 | Bailey   | Killed a kobold demonologist
  7227 | Bailey   | Reached ** piety under Okawaru
  7228 | Bailey   | Noticed an ice devil
  7253 | Bailey   | Killed an orc high priest
  7991 | Bailey   | Noticed a soul eater
  7996 | Bailey   | Slain by a soul eater

Skill      XL: |  1  2  3  4  5  6  7  8 |
---------------+-------------------------+-----
Polearms       | 3 4 5 6 8 |  8.9
Dodging        | 3 4 5 6 |  6.5
Fighting       | 3 4 5 6 |  6.7
Throwing       | |  1.7

Action                   |  1- 3 |  4- 6 |  7- 9 || total
-------------------------+-------+-------+-------++-------
Melee: Trident           |   149 |   210 |   260 ||   619
       Demon trident     |       |       |    83 ||    83
Throw: Throwing net      |       |       |     1 ||     1
Invok: Heroism           |       |       |     1 ||     1
  Use: Scroll            |     7 |     3 |    11 ||    21
       Potion            |       |       |     5 ||     5
 Stab: Sleeping          |     1 |     6 |     3 ||    10
       Distracted        |       |       |     2 ||     2
  Eat: Chunk             |     3 |     7 |    10 ||    20
       Ration            |       |       |     1 ||     1
Armor: Leather armour    |    18 |       |       ||    18
       Ring mail         |    33 |    86 |   141 ||   260
       Chain mail        |    10 |       |       ||    10
Dodge: Dodged            |    82 |   112 |   294 ||   488
